 Dungeon Crawl Stone Soup version 0.31-a0-1300-gb6740aa4e6 (webtiles) character file.

Game seed: 16839161452069719851

29 wildpjah the Vexing (level 3, -1/26 HPs)
             Began as a Draconian Enchanter on Dec 19, 2023.
             Slain by a gnoll
             ... wielding a +0 flail
              (6 damage)
             ... on level 2 of the Dungeon.
             The game lasted 00:04:00 (1448 turns).

wildpjah the Vexing (Draconian Enchanter)           Turns: 1448, Time: 00:04:00

Health: -1/26      AC:  5    Str: 10    XL:     3   Next: 1%
Magic:  0/6        EV: 12    Int: 15    God:
Gold:   50         SH:  0    Dex: 13    Spells: 4/6 levels left

rFire   . . .        c - +3 dagger
rCold   . . .        (no shield)
rNeg    . . .        (body armour unavailable)
rPois   .            (helmet restricted)
rElec   .            (no cloak)
rCorr   .            (no gloves)
SInv    .            (no boots)
Will    .....        (no amulet)
Stlth   ++           (no ring)
HPRegen 0.24/turn    (no ring)
MPRegen 0.10/turn

%: no passive effects
@: very slightly contaminated
A: AC +5, unfitting armour, cold-blooded
a: no special abilities


You were on level 2 of the Dungeon.
You visited 1 branch of the dungeon, and saw 2 of its levels.

You collected 50 gold pieces.

Inventory:

Hand Weapons
 a - a +1 dagger
 c - a +3 dagger (weapon)
Potions
 b - 2 potions of invisibility


   Skills:
 + Level 0.1 Fighting
 + Level 1.2 Short Blades
 + Level 2.0 Dodging
 + Level 3.0 Stealth
 * Level 2.1 Spellcasting
 + Level 3.2 Hexes
 * Level 0.2 Ice Magic


You had 4 spell levels left.
You knew the following spells:

 Your Spells              Type           Power      Damage    Failure   Level
a - Ensorcelled Hibernat  Hex/Ice        12%        N/A       17%         2

Your spell library contained the following spells:

 Spells                   Type           Power      Damage    Failure   Level
 Confusing Touch          Hex            11%        N/A       17%         3
 Tukima's Dance           Hex            11%        N/A       17%         3
 Dazzling Flash           Conj/Hex       12%        N/A       34%         3


Dungeon Overview and Level Annotations

Branches:
Dungeon (2/15)

Altars:

Shops:
D:1 (

Annotations:
D:2 Robin


Innate Abilities, Weirdness & Mutations

Your plain brown scales are hard. (AC +5)
You cannot fit into any form of body armour.
You are cold-blooded and may be slowed by cold attacks.


Message History

A gnoll comes into view. It is wielding a +0 spear.
Aiming: Ensorcelled Hibernation (safe; 17% risk of failure)
Press: ? - help, Q - select action Shift-Dir - straight line, f - gnoll
Aim: a gnoll, wielding a +0 spear (chance to affect: 49%)
The gnoll resists with some effort.
The gnoll shouts!
A gnoll comes into view.
It is wielding a +0 flail and quivering a throwing net.
The hobgoblin hits you but does no damage.
The gnoll hits you from afar with a +0 spear.
Aiming: Ensorcelled Hibernation (safe; 17% risk of failure)
Press: ? - help, Q - select action Shift-Dir - straight line, f/p - gnoll
Aim: a gnoll, wielding a +0 spear (chance to affect: 49%)
You miscast Ensorcelled Hibernation.
You are very lightly contaminated with residual magic.
Nothing appears to happen.
The gnoll shouts!
The hobgoblin hits you. The gnoll completely misses you.
The gnoll hits you with a +0 spear.
You barely miss the gnoll. The gnoll barely misses you. The hobgoblin hits you.
Aiming: Ensorcelled Hibernation (safe; 17% risk of failure)
Press: ? - help, Q - select action Shift-Dir - straight line, f/p - gnoll
Aim: a gnoll, wielding a +0 spear (chance to affect: 49%)
The gnoll resists with some effort.
The gnoll hits you but does no damage. The gnoll hits you with a +0 spear.
The hobgoblin closely misses you.
You barely miss the gnoll.
You tail-slap the gnoll, but do no damage.
The gnoll closely misses you. The gnoll hits you with a +0 spear.
* * * LOW HITPOINT WARNING * * *
The hobgoblin hits you but does no damage.
As you read the scroll labelled LICYXT MYHUAW, it crumbles to dust.
It is a scroll of identify.
You don't currently have any unidentified items.
The gnoll hits you but does no damage. The gnoll completely misses you.
The hobgoblin hits you.
* * * LOW HITPOINT WARNING * * *
You hit the gnoll.
Your tail-slap misses the gnoll.
The gnoll is moderately wounded.
The gnoll hits you with a +0 flail.
You die...

#... ####
#ggg#######..####..
#...g#...P#.......#
#.ggg#P.P.#.####
#.gg.#...P#....############
#....#....#..#.............
#..gg######gg>.....#######.
#gggggg@g###.......# ##
########## ####........
#####.### .... ###


You could see Robin, 3 gnolls, 4 hobgoblins and 3 goblins.

Vanquished Creatures
  3 bats (D:1)
  An endoplasm (D:1)
  2 giant cockroaches (D:1)
  6 goblins
  3 hobgoblins
  2 jackals (D:1)
  A kobold (D:1)
  A quokka (D:1)
  3 ball pythons (D:1)
  2 frilled lizards (D:1)
  A rat (D:1)
25 creatures vanquished.

Notes
Turn   | Place    | Note
-------+----------+-------------------------------------------
     0 | D:1      | wildpjah the Draconian Enchanter began the quest for the
                  | Orb.
     0 | D:1      | Reached XP level 1. HP: 14/14 MP: 3/3
   290 | D:1      | Reached XP level 2. HP: 16/20 MP: 5/5
   296 | D:1      | Learned a level 2 spell: Ensorcelled Hibernation
   535 | D:1      | Found Xyutotucw's Weapon Boutique.
   549 | D:1      | Noticed a glass eye
   602 | D:1      | Found a faded altar of an unknown god.
   602 | D:1      | Noticed an eye of devastation
   649 | D:1      | Noticed a golden eye
   650 | D:1      | Noticed an eye of devastation
  1423 | D:2      | Noticed Robin
  1440 | D:2      | Reached XP level 3. HP: 20/26 MP: 6/6
  1448 | D:2      | Slain by a gnoll

Illustrated notes

Levels and vault maps discovered:
D:1:      dpeg_arrival_solitude, layout_loops_corners,
          hellmonk_ecumenical_altar_watching_god, serial_rivers,
          chequers_serial_rivers_small_b, chequers_serial_rivers_large_a,
          chequers_serial_rivers_large_b, chequers_serial_rivers_room_a,
          chequers_serial_rivers_micro_d, chequers_serial_rivers_small_3,
          serial_shops, shop
D:2:      layout_rooms, serial_aquarium, aquarium_bridge_square
          [aquarium_subvault_bridge, aquarium_subvault_bridge,
          aquarium_subvault_wall, aquarium_subvault_wall],
          aquarium_bridge_square [aquarium_subvault_wall,
          aquarium_subvault_wall, aquarium_subvault_wall,
          aquarium_subvault_bridge], aquarium_window_3, aquarium_window_2,
          aquarium_window_corner, aquarium_view_2d, aquarium_view_2c,
          uniq_natasha, uniq_robin

Skill      XL: |  1  2 |
---------------+-------+-----
Hexes          | 3 |  3.2
Stealth        | 3 |  3.0
Dodging        | 2 |  2.0
Fighting       | |  0.1
Short Blades   | |  1.2
Spellcasting   | |  2.1
Ice Magic      | |  0.2

Action                     || total
---------------------------++-------
  Melee: Dagger            ||    69
         Tailslap          ||     7
   Cast: Ensorcelled Hiber ||    12
    Use: Scroll            ||     1
   Stab: Sleeping          ||     5
 Armour: Skin              ||    45
  Dodge: Dodged            ||    47

Table legend: (Time is in decaauts)
 A = Elapsed time spent in this place.
 B = Non-inter-level travel time spent in this place.
 C = Inter-level travel time spent in this place.
 D = Time resting spent in this place.
 E = Time spent auto-exploring this place.
 F = Levels seen in this place.
 G = Mean time per level.
                   A        B        C        D        E       F      G
               +--------+--------+--------+--------+--------+-----+--------+
         Total |   1490 |   1456 |     34 |      0 |   1270 |   2 |  745.0 |
       Dungeon |   1490 |   1456 |     34 |      0 |   1270 |   2 |  745.0 |
               +--------+--------+--------+--------+--------+-----+--------+

Top non-repeatable levels by time:
     D:1: 1428 daAuts
     D:2: 62 daAuts
